 Dungeon Crawl Stone Soup version 0.28.0 (webtiles) character file.

Game seed: 232244141127966732

80742 Sharkman1231 the Messiah (level 15, -11/132 HPs)
             Began as a Hill Orc Delver on Feb 7, 2022.
             Was the Champion of Beogh.
             Killed from afar by a naga (30 damage)
             ... with a bolt of acid
             ... on level 3 of the Snake Pit.
             The game lasted 00:33:56 (26391 turns).

Sharkman1231 the Messiah (Hill Orc Delver)         Turns: 26391, Time: 00:33:56

Health: -11/132    AC: 24    Str: 17    XL:     15   Next: 68%
Magic:  29/29      EV: 14    Int: 10    God:    Beogh [******]
Gold:   181        SH:  0    Dex: 18    Spells: 14/14 levels left

rFire   . . .      SeeInvis .   b - +0 whip (elec)
rCold   . . .      Faith    .   (no shield)
rNeg    . . .      Spirit   .   Z - +7 storm dragon scales
rPois   +          Reflect  .   Q - +2 helmet
rElec   +          Harm     .   r - +0 cloak
rCorr   .          Rampage  .   p - +0 pair of gloves
Will    +....                   (no boots)
Stlth   ..........              M - amulet of regeneration
HPRegen 1.12/turn               j - +4 ring of evasion
MPRegen 0.21/turn               x - ring of poison resistance

@: corroded
A: walk on water
a: Renounce Religion, Smiting, Recall Orcish Followers, Give Item to Named
Follower, Resurrection


You were on level 3 of the Snake Pit.
You worshipped Beogh.
Beogh was exalted by your worship.
You visited 5 branches of the dungeon, and saw 27 of its levels.

You collected 3357 gold pieces.
You spent 3176 gold pieces at shops.

Inventory:

Hand Weapons
 a - a +1 spear of venom
 b - a +0 whip of electrocution (weapon)
 w - a +1 whip of freezing
Missiles
 D - a throwing net
 G - 7 curare-tipped darts (quivered)
Armour
 p - a +0 pair of gloves (worn)
 r - a +0 cloak (worn)
 Q - a +2 helmet (worn)
 Z - +7 storm dragon scales (worn)
Jewellery
 h - a ring of fire
 j - a +4 ring of evasion (left hand)
 x - a ring of poison resistance (right hand)
 y - a ring of protection from cold
 F - a +6 ring of dexterity
 L - an amulet of magic regeneration
 M - an amulet of regeneration (around neck)
 S - a ring of magical power
 T - a ring of fire
 W - a +4 ring of protection
Wands
 g - a wand of digging (10)
 s - a wand of iceblast (12)
 u - a wand of acid (9)
 v - a wand of mindburst (5)
 A - a wand of flame (60)
 E - a wand of charming (22)
 U - a wand of paralysis (1)
Scrolls
 c - 5 scrolls of fog
 d - 4 scrolls of magic mapping
 i - 3 scrolls of vulnerability
 l - 2 scrolls of brand weapon
 n - 4 scrolls of teleportation
 q - 3 scrolls of immolation
 z - a scroll of fear
 B - 4 scrolls of torment
 C - 2 scrolls of summoning
 J - 3 scrolls of blinking
 O - a scroll of silence
 P - 4 scrolls of enchant weapon
 R - 3 scrolls of identify
Potions
 e - 3 potions of flight
 f - 6 potions of haste
 k - 2 potions of might
 m - a potion of heal wounds
 o - 2 potions of brilliance
 t - 10 potions of curing
 H - 4 potions of mutation
 I - 4 potions of lignification
 K - a potion of ambrosia
 N - 4 potions of attraction
 V - a potion of resistance
 X - a potion of cancellation
 Y - a potion of invisibility


   Skills:
 - Level 12.0 Fighting
 - Level 16.0 Maces & Flails
 - Level 5.0 Throwing
 + Level 10.2 Armour
 - Level 6.0 Dodging
 - Level 4.1 Stealth
 - Level 21.0 Invocations
 - Level 5.0 Evocations


You had 14 spell levels left.
You didn't know any spells.
Your spell library contained the following spells:

 Spells                   Type           Power      Damage    Failure   Level
 Animate Skeleton         Necr           0%         N/A       98%         1
 Apportation              Tloc           0%         N/A       98%         1
 Beastly Appendage        Tmut           0%         N/A       98%         1
 Pain                     Necr           0%         1d4       98%         1
 Sting                    Tmut/Pois      0%         1d3       98%         1
 Conjure Flame            Conj/Fire      0%         6-21      100%        3
 Dazzling Flash           Conj/Hex       0%         N/A       100%        3
 Ignite Poison            Fire/Tmut/Pois 0%         N/A       100%        3
 Tukima's Dance           Hex            0%         N/A       100%        3
 Vampiric Draining        Necr           0%         2d6       100%        3
 Airstrike                Air            0%         N/A       100%        4
 Iskenderun's Mystic Bla  Conj/Tloc      0%         2d3       100%        4
 Leda's Liquefaction      Hex/Erth       0%         N/A       100%        4
 Passage of Golubria      Tloc           0%         N/A       100%        4
 Petrify                  Tmut/Erth      0%         N/A       100%        4
 Sticky Flame             Conj/Fire      0%         2d3       100%        4
 Summon Lightning Spire   Summ/Air       0%         N/A       100%        4
 Agony                    Necr           0%         N/A       100%        5
 Alistair's Intoxication  Tmut/Pois      0%         N/A       100%        5
 Lee's Rapid Deconstruct  Erth           0%         3d5*      100%        5
 Lightning Bolt           Conj/Air       0%         1d11      100%        5
 Silence                  Hex/Air        0%         N/A       100%        5
 Summon Forest            Summ/Tloc      0%         N/A       100%        5
 Yara's Violent Unravell  Hex/Tmut       0%         3d3       100%        5
 Eringya's Noxious Bog    Tmut/Pois      0%         N/A       100%        6
 Starburst                Conj/Fire      0%         6d3       100%        6
 Statue Form              Tmut/Erth      0%         N/A       100%        6
 Summon Hydra             Summ           0%         N/A       100%        7


Dungeon Overview and Level Annotations

Branches:
Dungeon (15/15)            Temple (1/1) D:7            Lair (6/6) D:11
 Shoals (0/4) Lair:3        Snake (3/4) Lair:3          Orc (2/2) D:12
    Elf (0/3) Orc:2        Vaults (0/5) D:14         Depths (0/4) D:15
  Slime: Lair:5-6

Altars:
Ashenzari
Cheibriados
Fedhas
Gozag
Makhleb
Okawaru
Qazlal
Trog
Uskayaw
Yredelemnul
Beogh

Shops:
D:6 [   D:10 :*   D:13 ??   Orc:2 ?:(*[   Snake:1 [(!

Portals:
Trove: D:10 (lose all piety)

Annotations:
D:4 Grinder


Message History

The black mamba bites Syrus but does no damage.
Your orc knight hits the anaconda with a +0 war axe!!!
The anaconda dies!
Beogh accepts your kill.
Your orc knight hits the black mamba with a +0 war axe!
You closely miss the naga.
The naga is moderately wounded.
The black mamba bites Garbold.
Syrus hits the black mamba with a +1 whip of electrocution!!
The black mamba dies!
Beogh accepts your kill. The naga hits you but does no damage.
The naga hits Garbold with a +0 war axe.
The naga closely misses you.
You hit the naga but do no damage.
The naga is moderately wounded.
Garbold hits the naga with a +0 dire flail!!!
The naga dies!
Beogh accepts your kill.
You are too injured to fight recklessly!
Unknown command.
A naga comes into view.
It is wielding a +0 battleaxe and carrying a wand of acid (4).
The naga shouts!
Items here: )) [[ ††.
Syrus no longer looks unusually strong.
The naga spits poison at you.
The splash of poison hits you but does no damage.
You resist.
Unknown command.
Your orc knight no longer looks unusually strong.
The naga zaps a wand.
The bolt of acid hits you!!!
* * * LOW HITPOINT WARNING * * *
The acid corrodes you!
The bolt of acid hits Syrus!!
The acid corrodes Syrus!
The bolt of acid hits your orc knight!!
Syrus roars a battlecry!
Your orc knight goes into a battle-frenzy!
Garbold roars a battlecry!
Syrus goes into a battle-frenzy!
The naga zaps a wand.
The bolt of acid hits you!!
You die...

#.†..# #........
##....# #........
#.....# #........
#.....################
#...).)........
#.....oo......#
#.$...o.......#
##............#
#...@........# #
#....N.......# #
#............# #
#.............. ##+#
#............... ....
##............. ....
#.....###+##+# ....
#.....# .... ####


You could see a naga (catching breath, ally target), the friendly Syrus the orc
warlord (strong, corroded), a friendly orc knight (strong) and the friendly
Garbold the orc knight (strong).

Vanquished Creatures
  A boulder beetle (D:12)
  A naga warrior (Snake:2)
  5 hydras
  A vault guard (D:14)
  2 centaur warriors
  5 anacondas
  Erolcha (Orc:2)
  2 two-headed ogres
  A tengu warrior (D:14)
  5 naga sharpshooters
  An orc high priest (Orc:2)
  A glowing orange brain (D:15)
  Pikel (D:4)
  2 harpies (D:15)
  An orc sorcerer (Orc:2)
  9 ugly things
  A cyclops (D:12)
  4 salamanders
  A manticore (D:13)
  4 elephants (Lair:6)
  A guardian serpent (Snake:1)
  Maurice (D:8)
  5 naga magi
  4 black mambas
  3 cane toads
  3 freezing wraiths
  Psyche (D:8)
  3 rime drakes
  3 komodo dragons
  An unseen horror (D:13)
  3 trolls
  A troll (shapeshifter) (D:13)
  Prince Ribbit (D:7)
  A hornet (shapeshifter) (D:14)
  6 blink frogs
  11 slime creatures
  4 dream sheep
  2 wraiths
  13 yaks
  Eustachio (D:5)
  2 basilisks (Lair:6)
  6 vampire mosquitoes
  A steam dragon (D:6)
  A warg (Orc:2)
  7 nagas
  7 water moccasins
  2 acid dragons (D:11)
  2 ice beasts
  7 orc warriors
  3 sky beasts
  A swamp drake (D:13)
  A black bear (D:7)
  4 ogres
  4 boggarts (D:15)
  4 wolves
  A blink frog zombie (D:10)
  3 centaurs
  2 lemures
  5 kobold brigands
  8 bullfrogs
  A gnoll sergeant (D:7)
  A scorpion (D:4)
  A wyvern skeleton (D:7)
  A water moccasin skeleton (D:6)
  4 electric eels
  7 howler monkeys
  3 centaur zombies
  A bullfrog skeleton (D:4)
  5 hounds
  A jelly (D:5)
  10 orc priests
  A centaur skeleton (D:4)
  A gnoll shaman (D:5)
  2 iguanas
  6 orc wizards
  Natasha (D:4)
  4 hell rats (Lair:3)
  2 hound skeletons (D:4)
  A howler monkey zombie (D:7)
  Robin (D:4)
  10 adders
  7 gnolls
  A white imp (D:4)
  An ufetubus (D:4)
  A worm (D:2)
  2 dart slugs
  17 orcs
  10 endoplasms
  4 giant cockroaches
  16 goblins
  11 hobgoblins
  6 jackals
  A quokka (D:3)
  10 ball pythons
  6 bats
  4 frilled lizards
  29 kobolds
  3 rats
381 creatures vanquished.

Vanquished Creatures (collateral kills)
  Roxanne (Snake:1)
  A nagaraja (Snake:2)
  An orc warlord (Orc:2)
  A very ugly thing (D:15)
  An ettin (Orc:2)
  Josephine (D:12)
  A rakshasa (D:15)
  3 hydras
  3 boulder beetles
  2 centaur warriors (D:15)
  3 naga warriors
  3 anacondas
  3 death knights
  A catoblepas (Lair:5)
  4 shock serpents
  6 naga sharpshooters
  Sonja (Lair:2)
  5 skeletal warriors
  A naga ritualist (Snake:3)
  3 phantasmal warriors
  A wizard (D:14)
  3 orc knights (Orc:2)
  A lindwurm (shapeshifter) (D:15)
  2 orc sorcerers
  2 deep elf pyromancers (D:12)
  3 harpies (D:15)
  4 salamanders
  3 mana vipers
  6 ugly things
  2 elephants (Lair:6)
  A torpor snail (Lair:3)
  7 naga magi
  A centaur zombie (D:11)
  3 cane toads
  15 black mambas
  A gargoyle (D:13)
  3 freezing wraiths
  5 komodo dragons
  A troll (D:11)
  2 polar bears
  18 slime creatures
  5 blink frogs
  3 dream sheep
  3 wraiths (D:12)
  13 yaks
  A water elemental (D:12)
  A basilisk (D:14)
  2 wargs (Orc:2)
  15 nagas
  3 water moccasins
  2 ogres (Orc:2)
  5 orc warriors
  6 wolves
  3 centaurs (Lair:3)
  Blork the orc (Orc:2)
  2 howler monkeys
  5 orc priests
  2 hounds (D:11)
  6 orc wizards
  3 hell rats (Lair:3)
  9 orcs
219 creatures vanquished.

Vanquished Creatures (others)
  2 orc knights (D:14)
  An orc sorcerer (Orc:2)
  15 orc warriors
  7 orc priests
  9 orc wizards
  An adder (D:3)
  27 orcs
  6 fungi
  28 plants
96 creatures vanquished.

Grand Total: 696 creatures vanquished

Notes
Turn   | Place    | Note
-------+----------+-------------------------------------------
     0 | D:5      | Sharkman1231 the Hill Orc Delver began the quest for the
                  | Orb.
     0 | D:5      | Reached XP level 1. HP: 19/19 MP: 1/1
    15 | D:4      | Reached XP level 2. HP: 27/27 MP: 2/2
    25 | D:4      | Reached skill level 1 in Armour
    25 | D:4      | Reached XP level 3. HP: 15/33 MP: 3/3
   225 | D:3      | Found a stormy altar of Qazlal.
   227 | D:3      | Noticed an earth elemental
   230 | D:3      | Noticed an air elemental
   230 | D:3      | Noticed a fire elemental
   230 | D:3      | Noticed a water elemental
   475 | D:2      | Reached XP level 4. HP: 11/40 MP: 4/4
  1257 | D:1      | Found a faded altar of an unknown god.
  2254 | D:3      | Reached XP level 5. HP: 47/47 MP: 5/5
  2282 | D:3      | Became a worshipper of Beogh the Brigand
  3328 | D:4      | Noticed Grinder
  3828 | D:5      | Noticed an ice beast
  3829 | D:5      | Found a blossoming altar of Fedhas.
  3830 | D:5      | Found a snail-covered altar of Cheibriados.
  3855 | D:5      | Found a basalt altar of Yredelemnul.
  3875 | D:5      | Noticed a lemure
  3876 | D:5      | Noticed a lemure
  3945 | D:4      | Killed a lemure
  4192 | D:6      | Noticed a water moccasin
  4195 | D:6      | Killed a water moccasin
  4195 | D:6      | Noticed a sky beast
  4196 | D:6      | Reached skill level 1 in Invocations
  4196 | D:6      | Reached XP level 6. HP: 55/55 MP: 5/7
  4723 | D:5      | Noticed Eustachio
  4726 | D:5      | Reached skill level 5 in Fighting
  4726 | D:5      | Reached skill level 2 in Invocations
  4787 | D:5      | Killed an ice beast
  4788 | D:5      | Reached skill level 5 in Maces & Flails
  4788 | D:5      | Reached XP level 7. HP: 48/61 MP: 8/8
  4888 | D:5      | Killed Eustachio
  5230 | D:5      | Noticed Pikel
  5649 | D:4      | Killed Pikel
  5650 | D:4      | Reached skill level 3 in Invocations
  5650 | D:4      | Reached XP level 8. HP: 46/70 MP: 10/10
  5826 | D:4      | Reached skill level 4 in Invocations
  5866 | D:4      | Reached * piety under Beogh
  6127 | D:4      | You fall into a shaft and drop 2 floors!
  6274 | D:4      | Noticed Natasha
  6278 | D:4      | Killed Natasha
  6373 | D:4      | Noticed Robin
  6401 | D:4      | Killed Robin
  7354 | D:5      | Found a basalt altar of Yredelemnul.
  7367 | D:5      | Found a blossoming altar of Fedhas.
  7367 | D:5      | Found a snail-covered altar of Cheibriados.
  7576 | D:6      | Reached skill level 5 in Armour
  7576 | D:6      | Reached skill level 5 in Invocations
  7576 | D:6      | Reached XP level 9. HP: 60/78 MP: 12/12
  7689 | D:6      | Found a burning altar of Makhleb.
  7719 | D:6      | Found an opulent altar of Gozag.
  7758 | D:6      | Found Ageblirr's Antique Armour Emporium.
  8125 | D:7      | Found a staircase to the Ecumenical Temple.
  8244 | D:7      | Reached ** piety under Beogh
  8284 | D:7      | Noticed Prince Ribbit
  8304 | D:7      | Killed Prince Ribbit
  8603 | Temple   | Entered the Ecumenical Temple
  9063 | D:8      | Found an iron altar of Okawaru.
  9071 | D:8      | Reached skill level 6 in Invocations
  9103 | D:8      | Noticed Psyche
  9205 | D:8      | Noticed Maurice
  9234 | D:8      | Killed Maurice
  9316 | D:8      | Reached XP level 10. HP: 88/88 MP: 14/14
  9322 | D:8      | Killed Psyche
  9323 | D:8      | Reached skill level 5 in Dodging
  9459 | D:8      | Noticed a two-headed ogre
  9485 | D:8      | Killed a two-headed ogre
  9486 | D:8      | Reached skill level 7 in Invocations
  9635 | D:8      | Found a bloodstained altar of Trog.
  9650 | D:8      | Identified the +5 ring mail "Kial" {rPois Regen+ SInv
                  | Stlth+}
 10128 | D:9      | Found a broken altar of Ashenzari.
 10300 | D:9      | Reached skill level 10 in Maces & Flails
 10300 | D:9      | Identified a scroll of acquirement
 10301 | D:9      | Acquired 1164 gold pieces
 10814 | D:9      | Reached *** piety under Beogh
 11086 | D:10     | Entered Level 10 of the Dungeon
 11086 | D:10     | Found Tualor's Book Shoppe.
 11094 | D:10     | Found Kicriusm's Overcharged Wands.
 11176 | D:10     | Noticed a five-headed hydra
 11198 | D:10     | Killed a five-headed hydra
 11199 | D:10     | Reached skill level 8 in Invocations
 11199 | D:10     | Reached XP level 11. HP: 67/95 MP: 15/17
 11242 | D:10     | Found a portal to a secret trove of treasure.
 11372 | D:10     | Found a hide-covered altar of Uskayaw.
 11975 | D:10     | Found a hide-covered altar of Uskayaw.
 12061 | D:11     | Reached skill level 1 in Evocations
 12117 | D:11     | Found a staircase to the Lair.
 12229 | D:11     | Noticed a boulder beetle
 12245 | D:11     | Reached **** piety under Beogh
 12265 | D:11     | Killed a boulder beetle
 12756 | D:11     | Reached skill level 9 in Invocations
 12888 | D:12     | Noticed a deep elf pyromancer
 12911 | D:12     | Killed a deep elf pyromancer
 12941 | D:12     | Noticed a boulder beetle
 12954 | D:12     | Killed a boulder beetle
 12955 | D:12     | Reached skill level 10 in Fighting
 13099 | D:12     | Noticed a deep elf pyromancer
 13111 | D:12     | Killed a deep elf pyromancer
 13189 | D:12     | Reached skill level 10 in Invocations
 13189 | D:12     | Reached XP level 12. HP: 107/107 MP: 19/19
 13235 | D:12     | Gained Nordag as an ally
 13341 | D:12     | Noticed Josephine
 13366 | D:12     | Killed Josephine
 13379 | D:12     | Gained Ogrik as an ally
 13415 | D:12     | Found a staircase to the Orcish Mines.
 13510 | D:12     | Noticed a two-headed ogre
 13522 | D:12     | Killed a two-headed ogre
 13609 | D:12     | Reached skill level 5 in Evocations
 13952 | D:13     | Noticed a boulder beetle
 13973 | D:13     | Killed a boulder beetle
 13974 | D:13     | Reached skill level 11 in Invocations
 13976 | D:13     | Identified the +0 robe of the Final Eyes {rPois}
 14028 | D:13     | Noticed a four-headed hydra
 14028 | D:13     | Noticed a four-headed hydra
 14038 | D:13     | Killed a four-headed hydra
 14067 | D:13     | Killed a four-headed hydra
 14252 | D:13     | Found Ycount's Magic Scroll Shoppe.
 14260 | D:13     | Bought a scroll of teleportation for 39 gold pieces
 14260 | D:13     | Bought a scroll of identify for 26 gold pieces
 14260 | D:13     | Bought a scroll of identify for 26 gold pieces
 14445 | D:13     | Found Gophafake's Magic Scroll Shoppe.
 14448 | D:13     | Bought a scroll of silence for 97 gold pieces
 14448 | D:13     | Bought a scroll of enchant weapon for 97 gold pieces
 14448 | D:13     | Bought a scroll of identify for 26 gold pieces
 14659 | D:13     | Reached skill level 12 in Invocations
 14711 | D:14     | Noticed a death knight
 14738 | D:14     | Killed a death knight
 14738 | D:14     | Your ally Nordag died
 14739 | D:14     | Your ally Ogrik died
 14954 | D:14     | Reached skill level 13 in Invocations
 15063 | D:14     | Noticed a death knight
 15067 | D:14     | Noticed a tengu warrior
 15082 | D:14     | Noticed a centaur warrior
 15095 | D:14     | Killed a centaur warrior
 15147 | D:14     | Killed a tengu warrior
 15148 | D:14     | Reached skill level 14 in Invocations
 15300 | Orc:1    | Entered Level 1 of the Orcish Mines
 15386 | D:13     | Reached XP level 13. HP: 53/118 MP: 19/23
 15473 | D:14     | Reached skill level 15 in Invocations
 15473 | D:14     | Reached skill level 1 in Throwing
 15970 | D:14     | Found a gate to the Vaults.
 15970 | D:14     | Noticed a vault guard
 16002 | D:14     | Killed a vault guard
 16129 | D:15     | Entered Level 15 of the Dungeon
 16462 | D:14     | Reached skill level 5 in Throwing
 16719 | D:15     | Gained Syrus as an ally
 17264 | D:15     | Noticed a rakshasa
 17466 | D:15     | Killed a rakshasa
 17511 | D:15     | Noticed a red very ugly thing
 17542 | D:15     | Killed a red very ugly thing
 17610 | D:15     | Found a staircase to the Depths.
 17855 | Lair:1   | Entered Level 1 of the Lair of Beasts
 17917 | Lair:1   | Reached XP level 14. HP: 126/126 MP: 25/25
 18082 | Lair:1   | Reached skill level 16 in Invocations
 18464 | Lair:1   | Reached skill level 15 in Maces & Flails
 18759 | Lair:2   | Noticed Sonja
 18778 | Lair:2   | Killed Sonja
 19579 | Lair:3   | Found a staircase to the Snake Pit.
 19690 | Lair:3   | Reached ***** piety under Beogh
 19750 | Lair:3   | Found a staircase to the Shoals.
 20445 | Lair:4   | Reached skill level 17 in Invocations
 21016 | Lair:5   | You fall into a shaft and drop 1 floor!
 21016 | Lair:6   | Entered Level 6 of the Lair of Beasts
 21373 | Orc:1    | Paralysed by an orc sorcerer for 2 turns
 21390 | Orc:1    | Paralysed by an orc sorcerer for 7 turns
 21402 | Orc:1    | HP: 3/126 [orc warrior (7)]
 21571 | Orc:1    | You fall into a shaft and drop 1 floor!
 21571 | Orc:2    | Entered Level 2 of the Orcish Mines
 21572 | Orc:2    | Noticed Erolcha
 21599 | Orc:2    | Found a staircase to the Elven Halls.
 21621 | Orc:2    | Found Jeucs's Magic Scroll Emporium.
 21627 | Orc:2    | Gained Arkwar as an ally
 21659 | Orc:2    | Bought a scroll of blinking for 105 gold pieces
 21774 | Orc:2    | Your ally Arkwar died
 21919 | Orc:2    | Noticed Blork the orc
 21921 | Orc:2    | Noticed an orc warlord
 21932 | Orc:2    | Killed Blork the orc
 21954 | Orc:2    | Killed Erolcha
 21955 | Orc:2    | Reached skill level 18 in Invocations
 22147 | Orc:2    | Found a roughly hewn altar of Beogh.
 22162 | Orc:2    | Killed an orc warlord
 22171 | Orc:2    | Found Ipennaf's Antique Armour Emporium.
 22209 | Orc:2    | Found Gomeckeoxo's Antique Weapon Emporium.
 22218 | Orc:2    | Bought a smouldering broad axe for 225 gold pieces
 22218 | Orc:2    | Identified the +1 broad axe "Vucoph" {freeze, Str+6} (You
                  | bought it in a shop on level 2 of the Orcish Mines)
 22298 | Orc:2    | Found Zeimure's Book Emporium.
 22313 | Orc:2    | Found Adolol's General Store.
 22614 | Orc:1    | Gained Margrim as an ally
 22915 | D:6      | Bought storm dragon scales for 2400 gold pieces
 23331 | D:6      | Bought a pair of gloves for 135 gold pieces
 23490 | Snake:1  | Entered Level 1 of the Snake Pit
 23510 | Snake:1  | Your ally Margrim died
 23629 | Snake:1  | Reached skill level 19 in Invocations
 23640 | Snake:1  | Reached XP level 15. HP: 44/132 MP: 28/28
 23983 | Snake:1  | HP: 6/132 [salamander (14)]
 24230 | Snake:1  | Identified Roxanne's Tome of Transmutation
 24230 | Snake:1  | Noticed Roxanne
 24249 | Snake:1  | Killed Roxanne
 24250 | Snake:1  | Reached skill level 20 in Invocations
 24297 | Snake:1  | Gained Garbold as an ally
 24408 | Snake:1  | Found Deruix's Armour Emporium.
 24410 | Snake:1  | Found Ezir Zett's Weapon Shoppe.
 24412 | Snake:1  | Found Toh Kunt's Distillery.
 25208 | Snake:2  | Noticed a nagaraja
 25221 | Snake:2  | Killed a nagaraja
 25406 | Snake:2  | Reached skill level 21 in Invocations
 26081 | Snake:3  | Reached ****** piety under Beogh
 26377 | Snake:3  | Reached skill level 10 in Armour
 26391 | Snake:3  | Killed from afar by a naga

Illustrated notes

Levels and vault maps discovered:
D:1:      nicolae_arrival_washed_ashore, layout_basic,
          shapermc_ecumenical_altar_notcrosses
D:2:      layout_rooms, nrook_mini_vaults
D:3:      minmay_spotlight, layout_loops_ring, nicolae_qazlal_style_of_elements,
          minivault_4, minmay_misc_feat_roman, minmay_misc_feat_iff,
          bh_walls_and_bars
D:4:      minmay_diamond_boxcup, layout_gridville,
          nicolae_overflow_hallway_of_the_gods, grunt_ministairs_11,
          corexii_leaking_fountain, chequers_serial_rivers_large_a,
          uniq_grinder, uniq_robin, uniq_natasha
D:5:      layout_basic, mainiacjoe_overflow_chevrons,
          mainiacjoe_overflow_divided_tiny, uniq_eustachio, uniq_pikel
D:6:      layout_cave_pools, nicolae_gozag_cash_rules_everything_around_me,
          mainiacjoe_overflow_tiny_flanked, serial_shops, nicolae_shop_crystal
D:7:      layout_loops_cross, minmay_temple_entry_slanted, uniq_prince_ribbit1
D:8:      layout_rooms, mainiacjoe_overflow_paths, okawaru_ov_weapons_minmay,
          chequers_serial_rivers_room_a, uniq_maurice, uniq_psyche
D:9:      layout_basic, ashenzari_altar_1
D:10:     layout_loops_ring, nicolae_uskayaw_dance_studio,
          nicolae_trove_entry_isolated, serial_bayou_ford_a,
          nicolae_stop_n_shop_1, kennysheep_diamond, grunt_decor_arrowhead,
          serial_bayou_pond_d, nicolae_shop_overcharged_wands
D:11:     layout_rooms, erik_lair_island, serial_glass, glass_columns_b,
          glass_columns_c
D:12:     layout_basic, erik_orc_2, serial_curves, eino_curves_04,
          eino_curves_04, eino_curves_01, uniq_josephine
D:13:     layout_cave_pools, serial_shops, shop, kennysheep_mini,
          grunt_ministairs_5, pond
D:14:     layout_long_grid, david_vaults_5, dk_noncrumbling_4, item_on_display_a
D:15:     gammafunk_enter_depths_forms, layout_irregular_city,
          hangedman_decor_diamond_cutter
Temple:   corrupted_temple
Lair:1:   layout_misc_corridors, serial_bayou_shore_b,
          infiniplex_staircase_pool_2, grunt_megastairs_1
Lair:2:   layout_cave_pods, uniq_sonja
Lair:3:   layout_chaotic_city, minmay_shoals_entry_centaurs,
          guppyfry_snake_entry_island
Lair:4:   layout_long_grid
Lair:5:   minmay_guarded_unrand_snakebite, layout_misc_corridors
Lair:6:   hangedman_lair_caniforms_friends, layout_cave_pods,
          guppyfry_lair_end_dragon, minmay_slime_entry_oklob_enclosed,
          serial_bayou_shore_a
Snake:1:  layout_cave_shapes, grunt_megastairs_4, minmay_shop_star, uniq_roxanne
Snake:2:  layout_onion, grunt_megastairs_3
Snake:3:  layout_cave_town, grunt_ministairs_4,
          nicolae_snake_herptile_family_reunion, grunt_megastairs_2
Orc:1:    layout_caves
Orc:2:    grunt_orc_cross, layout_diamond_mine, serial_shops, shop_scrolls,
          uniq_erolcha

Skill      XL: |  1  2  3  4  5  6  7  8  9 10 11 12 13 14 15 |
---------------+----------------------------------------------+-----
Fighting       | 4 5 6 7 8 10 12 | 12.0
Maces & Flails | 3 4 5 6 7 9 10 12 14 16 | 16.0
Armour         | 1 2 3 4 5 6 7 8 10 | 10.2
Dodging        | 2 3 4 5 6 |  6.0
Invocations    | 1 2 3 5 6 8 10 14 15 19 21 | 21.0
Evocations     | 3 5 |  5.0
Throwing       | 5 |  5.0
Stealth        | |  4.1

Action                   |  1- 3 |  4- 6 |  7- 9 | 10-12 | 13-15 || total
-------------------------+-------+-------+-------+-------+-------++-------
Melee: Mace              |    15 |    33 |       |       |       ||    48
       Whip              |    23 |    77 |   193 |   923 |  1474 ||  2690
       Dagger            |       |    66 |       |       |       ||    66
       Punch             |       |     5 |     5 |    19 |    26 ||    55
       Spear             |       |    37 |   145 |    11 |       ||   193
Throw: Dart              |       |       |       |     4 |       ||     4
Invok: Convert to Beogh  |       |     1 |       |       |       ||     1
       Smiting           |       |       |       |     6 |    11 ||    17
       Recall Orcish Fol |       |       |       |     7 |    17 ||    24
       Stop Recall       |       |       |       |     1 |     1 ||     2
       Give Item to Name |       |       |       |       |     1 ||     1
Evoke: Wand              |       |     4 |     2 |    16 |    14 ||    36
  Use: Scroll            |       |     6 |     3 |    14 |    11 ||    34
       Potion            |       |       |     1 |       |     1 ||     2
 Stab: Sleeping          |     1 |    20 |     4 |     8 |    10 ||    43
       Distracted        |       |     2 |     1 |     5 |    12 ||    20
       Confused          |       |       |       |     8 |       ||     8
Armor: Leather armour    |     4 |    38 |    31 |       |       ||    73
       Ring mail         |       |       |    32 |   224 |   287 ||   543
       Storm dragon scal |       |       |       |       |   146 ||   146
Dodge: Dodged            |    27 |   102 |   232 |   552 |   889 ||  1802
